 Dungeon Sprint DCSS version 0.32-a0-607-g64ea0e4219 (webtiles) character file.

Game seed: 881998406803940966

1094 rocky1 the Basher (level 8, -6/78 HPs)
             Began as a Mountain Dwarf Fighter on Mar 4, 2024.
             Was an Initiate of Gozag.
             Killed from afar by a smoke demon (31 damage)
             ... with a ball of steam
             ... summoned by an orc high priest
             ... in the Dungeon (Sprint VII: "The Pits").
             The game lasted 00:02:08 (1741 turns).

rocky1 the Basher (Mountain Dwarf Fighter)          Turns: 1741, Time: 00:02:09

Health: -6/78      AC: 23    Str: 22    XL:     8   Next: 10%
Magic:  12/12      EV:  7    Int:  8    God:    Gozag
Gold:   1386       SH:  5    Dex:  9    Spells: 12/12 levels left

rFire   . . .        f - +0 flail (protect)
rCold   . . .        c - +0 buckler
rNeg    . . .        p - +2 plate armour
rPois   .            (no helmet)
rElec   .            (no cloak)
rCorr   .            (no gloves)
SInv    .            (no boots)
Will    .....        (no amulet) Stlth
                     (no ring)
HPRegen 0.33/turn    (no ring)
MPRegen 0.13/turn

%: no teleportation
@: under a protective aura, on berserk cooldown, slowed, very slow
A: runic magic, artefact enchanting
a: Renounce Religion, Potion Petition, Call Merchant, Bribe Branch


You were in the Dungeon.
You worshipped Gozag.
Gozag was most pleased with you.
You visited 1 branch You collected 1386 gold pieces.

Inventory:

Hand Weapons
 a - a +0 flail
 f - a +0 flail of protection (weapon)
Armour
 b - a +0 scale mail
 c - a +0 buckler (worn)
 p - a +2 plate armour (worn)
Scrolls
 j - a scroll of blinking
 l - 2 scrolls of vulnerability
 m - 5 scrolls of amnesia
 n - a scroll of summoning
Potions
 d - a potion of might
 e - 6 potions of curing
 g - a potion of haste
 h - 4 potions of magic
 i - a potion of berserk rage
 k - a potion of invisibility
 o - 3 potions of heal wounds


   Skills:
 + Level 9.5 Fighting
 + Level 12.5 Maces & Flails
 + Level 9.2 Armour
 + Level 2.8 Dodging
 + Level 1.0 Stealth
 + Level 8.6 Shields
 + Level 2.8 Spellcasting


You had 12 spell levels left.
You didn't know any spells.
Your spell library was empty.

Dungeon Overview and Level Annotations

Branches:
Dungeon (1/1)

Altars:
Ashenzari
Cheibriados
Dithmenos
Elyvilon
Fedhas
Gozag
Hepliaklqana
Kikubaaqudgha
Makhleb
Nemelex Xobeh
Okawaru
Qazlal
Ru
Sif Muna
Trog
Uskayaw
Vehumet
Wu Jian
Xom
Yredelemnul
Zin
The Shining One
Beogh
Jiyva
Lugonu


Innate Abilities, Weirdness & Mutations

Your spellcasting is much less encumbered by armour.
You can use scrolls of enchantment on lesser artefacts.


Message History

You block the orc high priest's attack.
You hit the orc high priest but do no damage.
The orc high priest is heavily wounded.
The orc high priest barely misses you.
You completely miss the orc high priest.
The orc high priest is heavily wounded.
The orc high priest barely misses you.
You hit the orc high priest but do no damage.
The orc high priest is heavily wounded.
The orc high priest mumbles some strange prayers to Beogh.
You closely miss the orc high priest.
The orc high priest is heavily wounded.
The orc high priest prays to Beogh.
The smoke demon barely misses you.
The smoke demon hits you but does no damage. x2
The orc high priest hits you with a +2 glaive of protection!
* * * LOW HITPOINT WARNING * * *
You feel much better.
The smoke demon hits you but does no damage.
You block the smoke demon's attack. x2
The ynoxinul gestures.
The orc high priest hits you with a +2 glaive of protection!
You hit the orc high priest.
The orc high priest is heavily wounded.
The ufetubus closely misses you. The ufetubus barely misses you.
The smoke demon gestures at you.
The ball of steam hits you but does no damage.
The ball of steam misses the ufetubus.
The soul eater hits you but does no damage.
The ynoxinul gestures.
The orc high priest hits you with a +2 glaive of protection!
You sock the orc high priest!
The orc high priest is severely wounded.
You are engulfed in a cloud of scalding steam.
The ufetubus hits you. x2; You block the ufetubus's attack. x2
The ufetubus barely misses you. x2
The smoke demon gestures at you. The ball of steam hits you!!
You die...
Your body crumbles into a pile of gold.

#.##'#..#'###...<...#
#.#))).....##.......#
#.#........##.......#
#)###########.......#
#.......#..##########
#.......#.######
#...#...#)#5ยง3.#
#..###..#'#.5o5#
#...#...#.$5@3.+
#.......#'#$35.#
#.......'.#....#
################


You could see a soul eater (summoned), an orc high priest, a smoke demon
(summoned), a ynoxinul (summoned) and 5 ufetubi.

Vanquished Creatures
  2 glass eyes (D)
  A shadow (D)
  2 orc warriors (D)
  A centaur (D)
  A crocodile (D)
  A scorpion (D)
  A quasit (D)
  A hound (D)
  3 orc wizards (D)
  An adder (D)
  A river rat (D)
  An ufetubus (D)
  2 dart slugs (D)
  2 ribbon worms (D)
  7 orcs (D)
  An endoplasm (D)
  A goblin (D)
  4 kobolds (D)
  A rat (D)
34 creatures vanquished.

Notes
Turn   | Place    | Note
-------+----------+-------------------------------------------
     0 | D        | rocky1 the Mountain Dwarf Fighter began the quest for the
                  | Orb.
     0 | D        | Reached XP level 1. HP: 19/19 MP: 1/1
    13 | D        | Noticed a glass eye
    40 | D        | Killed a glass eye
    41 | D        | Reached skill level 6 in Maces & Flails
    41 | D        | Reached skill level 5 in Armour
    41 | D        | Reached XP level 2. HP: 31/31 MP: 1/5
    41 | D        | Reached XP level 3. HP: 38/38 MP: 1/7
    41 | D        | Reached XP level 4. HP: 45/45 MP: 1/8
    41 | D        | Reached XP level 5. HP: 51/51 MP: 1/9
   340 | D        | Found a bloodstained altar of Trog.
   340 | D        | Found a shimmering blue altar of Sif Muna.
   340 | D        | Found a viscous altar of Jiyva.
   340 | D        | Found a hazy altar of Hepliaklqana.
   340 | D        | Found an opulent altar of Gozag.
   341 | D        | Found a glowing golden altar of the Shining One.
   341 | D        | Found a glowing silver altar of Zin.
   341 | D        | Found a basalt altar of Yredelemnul.
   341 | D        | Found a shimmering altar of Xom.
   341 | D        | Found an ornate altar of the Wu Jian Council.
   341 | D        | Found a sacrificial altar of Ru.
   341 | D        | Found a stormy altar of Qazlal.
   341 | D        | Found an iron altar of Okawaru.
   341 | D        | Found a sparkling altar of Nemelex Xobeh.
   341 | D        | Found a burning altar of Makhleb.
   341 | D        | Found a blossoming altar of Fedhas.
   341 | D        | Found a white marble altar of Elyvilon.
   341 | D        | Found a shadowy altar of Dithmenos.
   341 | D        | Found a snail-covered altar of Cheibriados.
   344 | D        | Found a corrupted altar of Lugonu.
   344 | D        | Found a radiant altar of Vehumet.
   344 | D        | Found a roughly hewn altar of Beogh.
   345 | D        | Found an ancient bone altar of Kikubaaqudgha.
   345 | D        | Found a hide-covered altar of Uskayaw.
   345 | D        | Found a broken altar of Ashenzari.
   348 | D        | Became a worshipper of Gozag Ym Sagoz the Greedy
   364 | D        | Reached skill level 7 in Maces & Flails
   496 | D        | Noticed an orc warrior
   517 | D        | Killed an orc warrior
   518 | D        | Reached skill level 8 in Maces & Flails
   518 | D        | Reached skill level 1 in Dodging
   518 | D        | Reached XP level 6. HP: 43/61 MP: 10/10
   782 | D        | Reached skill level 9 in Maces & Flails
  1136 | D        | Noticed a shadow
  1152 | D        | Killed a shadow
  1153 | D        | Reached skill level 10 in Maces & Flails
  1153 | D        | Reached XP level 7. HP: 37/69 MP: 11/11
  1456 | D        | Noticed a glass eye
  1475 | D        | Killed a glass eye
  1476 | D        | Reached skill level 11 in Maces & Flails
  1693 | D        | Noticed an orc high priest
  1707 | D        | Reached skill level 12 in Maces & Flails
  1725 | D        | Reached skill level 1 in Stealth
  1725 | D        | Reached XP level 8. HP: 34/78 MP: 12/12
  1738 | D        | Noticed a smoke demon
  1739 | D        | Noticed a soul eater
  1741 | D        | Killed from afar by a smoke demon

Illustrated notes

Levels and vault maps discovered:
D:        pitsprint [storerooms_1, entrance_room_1, metal_vault_4, armoury_3,
          mini_pit_1, grid_room_1, main_hall_1, silver_pit, the_coven_2,
          the_vestibule_1, steel_vault_5, golden_pit, hallway_of_sentries,
          crystal_vault_5, iron_vault_2, final_vault]

Skill      XL: |  1  2  3  4  5  6  7 |
---------------+----------------------+-----
Fighting       | 6 7 8 9 |  9.5
Maces & Flails | 6 8 10 12 | 12.5
Armour         | 5 6 7 9 |  9.2
Shields        | 6 7 8 |  8.6
Spellcasting   | 2 |  2.8
Dodging        | 1 2 |  2.8
Stealth        | 1 |  1.0

Action                     |  1- 3 |  4- 6 |  7- 9 || total
---------------------------+-------+-------+-------++-------
  Melee: Flail             |    26 |    84 |    67 ||   177
    Use: Potion            |       |     3 |     3 ||     6
   Stab: Invisible         |       |       |     2 ||     2
 Armour: Scale mail        |       |    41 |       ||    41
         Plate armour      |       |    35 |    46 ||    81
  Dodge: Dodged            |       |    29 |    19 ||    48
  Block: Buckler           |       |    22 |    13 ||    35

Table legend: (Time is in decaauts)
 A = Elapsed time spent in this place.
 B = Non-inter-level travel time spent in this place.
 C = Inter-level travel time spent in this place.
 D = Time resting spent in this place.
 E = Time spent auto-exploring this place.
 F = Levels seen in this place.
 G = Mean time per level.
                   A        B        C        D        E       F      G
               +--------+--------+--------+--------+--------+-----+--------+
         Total |   1753 |   1735 |     18 |   1378 |      0 |   1 | 1753.0 |
       Dungeon |   1753 |   1735 |     18 |   1378 |      0 |   1 | 1753.0 |
               +--------+--------+--------+--------+--------+-----+--------+

Top non-repeatable levels by time:
       D: 1753 daAuts
